 Dungeon Crawl Stone Soup version 0.20.1-1-g8b1a95d (webtiles) character file.

128750 Humpert the Bludgeoner (level 16, 0/152 HPs)
             Began as a Minotaur Fighter on Oct 11, 2017.
             Was the Champion of Okawaru.
             Slain by a merfolk
             ... wielding a +1 trident of protection
              (10 damage)
             ... on level 2 of the Shoals on Oct 12, 2017.
             The game lasted 02:22:26 (41728 turns).

Humpert the Bludgeoner (Minotaur Fighter)          Turns: 41728, Time: 02:22:27

Health: 0/152      AC: 36    Str: 35    XL:     16   Next: 49%
Magic:  9/15       EV: 17    Int:  8    God:    Okawaru [******]
Gold:   2371       SH:  9    Dex: 12    Spells: 15/15 levels left

rFire    . . .     SeeInvis +   n - +5 demon trident (vamp)
rCold    + + .     Gourm    .   b - +0 buckler {AC+3}
rNeg     . . .     Faith    .   i - +7 chain mail of Perpetual Drought {Str+6}
rPois    .         Spirit   .   x - +2 hat {Int+3}
rElec    .         Reflect  .   d - +2 cloak
rCorr    .         Harm     .   l - +0 pair of gloves {Str+3}
MR       +....     Rnd*Tele +   A - +2 pair of boots
Stlth    +.........             (no amulet)
Regen    0.4/turn               y - ring of protection from cold
MPRegen  0.2/turn               G - ring of see invisible

@: heroism, flying
A: retaliatory headbutt, horns 2, iridescent scales 1, cold resistance 1,
teleportitis 1, evolution 1
a: Heroism, Finesse, Renounce Religion


You were on level 2 of the Shoals.
You worshipped Okawaru.
Okawaru was exalted by your worship.
You were very full.

You visited 5 branches of the dungeon, and saw 25 of its levels.
You also visited: Sewer.

You collected 2944 gold pieces.
You spent 573 gold pieces at shops.

Inventory:

Hand Weapons
 g - a +1 great mace of protection
 n - a +5 vampiric demon trident (weapon)
 q - a +2 demon trident of venom
 s - a +5 mace of freezing
 J - a +2 flail of draining
 O - the +1 double sword of Symmetry {flame, rPois Int+4}
   (Okawaru gifted it to you on level 4 of the Lair of Beasts)

   It has been specially enchanted to burn those struck by it, causing extra
   injury to most foes and up to half again as much damage against particularly
   susceptible opponents.
   Big, fiery blades are also staple armaments of hydra-hunters.
   It affects your intelligence (+4).
   It protects you from poison.
Armour
 b - a +0 buckler of protection (worn)
 c - a +0 shield
 d - a +2 cloak (worn)
 i - the +7 chain mail of Perpetual Drought (worn) {Str+6}
   (You bought it in a shop on level 2 of the Orcish Mines)

   It affects your strength (+6).
 k - the +0 scale mail "Ezxiupe" {Dex+6 Slay-3 Stlth+}
   (Okawaru gifted it to you on level 10 of the Dungeon)

   It affects your dexterity (+6).
   It affects your accuracy and damage with ranged weapons and melee attacks
   (-3).
   It makes you more stealthy.
 l - a +0 pair of gloves of strength (worn)
 x - a +2 hat of intelligence (worn)
 A - a +2 pair of boots (worn)
 D - +0 steam dragon scales
 T - the +6 large shield "Keisigun" {MR+++ Str+4 Dex-2}
   (You acquired it on level 3 of the Lair of Beasts)

   It affects your strength (+4).
   It affects your dexterity (-2).
   It affects your resistance to hostile enchantments.
Jewellery
 o - a +3 ring of protection
 y - a ring of protection from cold (left hand)
 G - a ring of see invisible (right hand)
 H - an uncursed amulet of faith
 I - an uncursed ring of ice
 L - a cursed -3 ring of intelligence {unknown}
 P - an uncursed ring of poison resistance
 R - an uncursed ring of magical power
 S - a +3 ring of evasion {unknown}
 X - an uncursed amulet of faith
Wands
 a - a wand of paralysis (0/24)
 t - a wand of iceblast (7/15)
 E - a wand of confusion (35/48)
 F - a wand of confusion (19/48)
 M - a wand of polymorph (7/24)
Scrolls
 e - 8 scrolls of recharging
 h - 12 scrolls of remove curse
 u - a scroll of amnesia
 z - a scroll of brand weapon {unknown}
 Z - a scroll of silence
Potions
 m - 4 potions of curing
 p - a potion of brilliance
 B - 3 potions of flight
 C - 2 potions of berserk rage {unknown}
 K - 2 potions of invisibility {unknown}
 N - a potion of mutation {unknown}
Miscellaneous
 w - a phantom mirror
Comestibles
 f - 6 bread rations
 v - 13 royal jellies


   Skills:
 + Level 16.7(21.7) Fighting
   Level 4.7(19.2) Axes
 - Level 17.5(22.7) Maces & Flails
 * Level 11.4(16.8) Polearms
 * Level 10.7(15.7) Armour
 - Level 9.0(14.0) Dodging
 - Level 5.6(10.6) Stealth
 - Level 16.2(21.2) Shields
 + Level 0.8 Invocations
 - Level 0.1 Evocations


You had 15 spell levels left.
You didn't know any spells.

Dungeon Overview and Level Annotations

Branches:
Dungeon (14/15)            Temple (1/1) D:4            Lair (6/6) D:11
 Shoals (2/4) Lair:3        Snake (0/4) Lair:4        Slime (0/5) Lair:6
    Orc (2/2) D:9             Elf (0/3) Orc:2        Vaults (0/5) D:14

Altars:
Ashenzari
Cheibriados
Dithmenos
Elyvilon
Fedhas
Gozag
Hepliaklqana
Kikubaaqudgha
Makhleb
Nemelex Xobeh
Okawaru
Qazlal
Ru
Sif Muna
Trog
Uskayaw
Vehumet
Xom
Yredelemnul
Zin
The Shining One
Beogh

Shops:
D:4 %   D:5 ?   Orc:2 }}[(

Annotations:
Lair:3 exclusion: oklob plant
Lair:5 exclusion: 4 oklob plants


Innate Abilities, Weirdness & Mutations

You reflexively headbutt those who attack you in melee.
You have a pair of horns on your head.
You are partially covered in iridescent scales. (AC +2)
Your flesh is cold resistant. (rC+)
You are occasionally teleported next to monsters.
You evolve.


Message History

You closely miss the merfolk impaler. You headbutt the merfolk impaler.
The merfolk impaler is almost dead.
You block the merfolk's attack.
The merfolk hits you but does no damage.
You impale the merfolk impaler!!
You kill the merfolk impaler!
Okawaru accepts your kill.
You hear a splash. x3
The merfolk hits you from afar with a trident.
* * * LOW HITPOINT WARNING * * *
Your hands slow down.
The merfolk closely misses you. The merfolk barely misses you.
You block the merfolk's attack. The merfolk misses you.
Items here: $ ) [ † a trident of pain; a leather armour; 15 gold pieces; a merfolk corpse You puncture the merfolk!
You feel better.
You headbutt the merfolk!
The merfolk is heavily wounded.
You feel yourself speed up.
The merfolk hits you with a trident of protection!
You die...

..((≈≈..≈≈≈≈....(≈≈≈≈≈≈≈≈≈.≈≈≈
(.#(≈≈.≈≈≈≈≈≈....(≈≈X≈≈.....≈≈
≈(.≈≈≈≈≈≈≈≈≈≈###..≈≈≈≈.......≈
...≈≈≈≈≈≈≈≈≈≈# ###.(()..###..≈
≈(.≈≈≈..≈≈≈≈≈.# ##│....# .
≈≈.≈≈≈≈≈≈≈P≈≈P.## ##....###
≈≈.≈≈≈≈≈≈≈≈≈≈≈PP###%.≈....##
≈≈≈≈≈≈≈≈≈≈P≈PP≈.mmm..≈≈≈.....≈
≈≈≈≈≈≈≈≈≈≈≈≈≈PPP@P....P≈≈≈....
≈≈≈≈≈≈≈≈≈≈≈≈≈PP≈≈)....≈≈......
≈≈≈≈≈≈≈ ≈≈≈≈≈≈≈PPPmP≈≈≈≈....≈≈
≈≈≈≈≈ ≈≈≈≈≈≈≈≈≈P≈≈≈≈≈.###..≈
≈.. ≈≈≈≈≈≈≈≈≈≈≈≈≈≈..# ..≈ ≈≈≈
≈≈≈≈≈≈≈≈≈≈≈≈P≈..# ≈≈≈
≈≈≈≈≈≈≈≈≈≈≈≈≈≈...# ≈≈≈
≈≈≈≈≈≈≈≈≈≈≈≈≈≈≈≈..
≈≈≈≈≈≈≈≈≈≈≈≈≈≈≈≈..


You could see 4 merfolk.

Vanquished Creatures
  Rupert (Orc:2)
  Gastronok (Lair:1)
  An orc warlord (Orc:2)
  Nessos (Lair:4)
  Snorg (Lair:4)
  A fire dragon (D:14)
  3 merfolk impalers
  The ghost of Beowulf the Cleaver, a journeyman MiBe of Trog (D:11)
  4 vault guards (D:14)
  Erolcha (D:13)
  An ice dragon (Orc:1)
  9 hydras
  A merfolk avatar (Shoals:1)
  A centaur warrior (D:14)
  4 catoblepae
  The ghost of p0werm0de the Fighter, a novice MiBe of Trog (Orc:1)
  4 two-headed ogres
  2 merfolk aquamancers (Shoals:2)
  A satyr (Shoals:2)
  A tengu warrior (D:14)
  4 death yaks
  The ghost of raikaria the Slicer, a journeyman TeVM of Dithmenos (Lair:1)
  3 orc high priests (Orc:2)
  The ghost of Frank the Carver, a novice OpFi of Gozag (D:9)
  Sonja (Lair:3)
  Urug (D:13)
  3 skeletal warriors (D:13)
  6 sea snakes
  5 orc knights
  A harpy (shapeshifter) (D:14)
  10 harpies (Shoals:1)
  A deep elf mage (D:14)
  2 orc sorcerers (Orc:2)
  A mana viper (Lair:4)
  12 manticores
  5 cyclopes
  5 fauns (Shoals:2)
  15 elephants (Lair:6)
  4 black mambas
  3 merfolk sirens
  A torpor snail (Lair:6)
  24 spiny frogs
  2 water nymphs
  2 gargoyles
  2 rime drakes (Lair:6)
  13 komodo dragons
  A tengu conjurer (D:14)
  A queen bee (D:14)
  7 merfolk
  3 meliai (D:14)
  3 hornets
  4 polar bears
  5 trolls
  3 tyrant leeches
  Prince Ribbit (D:5)
  8 dream sheep
  6 slime creatures
  20 blink frogs
  12 hippogriffs
  A centaur simulacrum (D:11)
  5 snapping turtles
  53 yaks
  6 water elementals
  2 shadows (D:14)
  7 basilisks
  3 vampires
  4 wyverns
  Grum (D:9)
  4 steam dragons
  6 vampire mosquitoes
  5 nagas (Lair:4)
  2 acid dragons
  6 wargs
  17 water moccasins
  41 orc warriors
  Purgy (Sewer)
  4 ice beasts
  13 porcupines
  3 sky beasts
  2 black bears
  2 necrophages
  13 wolves
  7 phantoms
  7 ogres
  17 crocodiles
  12 centaurs
  4 big kobolds
  31 bullfrogs
  A gnoll sergeant (D:9)
  A wyvern zombie (D:13)
  A wyvern skeleton (D:14)
  7 scorpions
  9 wights
  23 killer bees
  A water moccasin skeleton (D:8)
  2 electric eels (Lair:6)
  6 crimson imps
  3 howler monkeys
  3 centaur zombies
  2 bullfrog zombies
  A quasit (D:11)
  3 hounds
  4 jellies
  27 orc priests
  Crazy Yiuf (D:2)
  6 centaur skeletons
  3 iguanas
  3 bullfrog skeletons
  Terence (D:2)
  29 orc wizards
  6 worker ants
  2 human simulacra (D:13)
  6 hound skeletons
  A worker ant zombie (D:8)
  Robin (D:2)
  6 gnolls
  19 adders
  6 shadow imps
  3 white imps (D:10)
  3 ufetubi (D:10)
  2 adder zombies (D:9)
  9 worms
  5 dart slugs
  7 leopard geckos
  128 orcs
  5 ball pythons
  9 bats
  6 giant cockroaches
  14 goblins
  8 hobgoblins
  11 jackals
  4 quokkas
  7 frilled lizards
  13 kobolds
  A leopard gecko skeleton (D:7)
  8 rats
  A butterfly (Lair:1)
  2 fungi
  A plant (Lair:6)
952 creatures vanquished.

Vanquished Creatures (collateral kills)
  2 skeletal warriors (D:13)
2 creatures vanquished.

Vanquished Creatures (others)
  A wraith (D:13)
  A bullfrog (D:13)
  A bush (Lair:6)
  17 fungi
  35 plants
  8 tentacles (Shoals:2)
63 creatures vanquished.

Grand Total: 1017 creatures vanquished

Notes
Turn   | Place    | Note
-------+----------+-------------------------------------------
     0 | D:1      | Humpert the Minotaur Fighter began the quest for the Orb.
     0 | D:1      | Reached XP level 1. HP: 19/19 MP: 0/0
   167 | D:1      | Reached XP level 2. HP: 27/27 MP: 1/1
   422 | D:1      | Reached XP level 3. HP: 32/33 MP: 2/2
   702 | D:2      | Noticed a moth of wrath
   704 | D:2      | Found a bloodstained altar of Trog.
  1265 | D:2      | Reached XP level 4. HP: 40/40 MP: 3/3
  1298 | D:2      | Noticed a bullfrog
  1302 | D:2      | Killed a bullfrog
  1398 | D:2      | Reached XP level 5. HP: 45/47 MP: 4/4
  1543 | D:2      | Noticed Terence
  1551 | D:2      | Killed Terence
  1660 | D:2      | Noticed Robin
  1699 | D:2      | Killed Robin
  2003 | D:2      | Found a runed door.
  2007 | D:2      | Noticed Crazy Yiuf
  2010 | D:2      | Killed Crazy Yiuf
  2010 | D:2      | Reached skill level 1 in Maces & Flails
  2081 | D:3      | Found a shattered altar of Ashenzari.
  2120 | D:3      | Reached skill level 2 in Maces & Flails
  2322 | D:3      | Reached XP level 6. HP: 53/53 MP: 5/5
  3148 | D:3      | Reached skill level 3 in Maces & Flails
  3148 | D:3      | Reached skill level 5 in Shields
  3204 | D:4      | Reached skill level 5 in Armour
  3225 | D:4      | Reached skill level 4 in Maces & Flails
  3260 | D:4      | Reached XP level 7. HP: 53/60 MP: 6/6
  3488 | D:4      | Reached skill level 5 in Maces & Flails
  3534 | D:4      | Found Fiaral's Food Emporium.
  3542 | D:4      | Bought a royal jelly for 22 gold pieces
  3594 | D:4      | Found a staircase to the Ecumenical Temple.
  3613 | Temple   | Entered the Ecumenical Temple
  3758 | Temple   | Became a worshipper of Warmaster Okawaru
  4035 | D:5      | Entered Level 5 of the Dungeon
  4193 | D:5      | Found Gyro Dac's Magic Scroll Boutique.
  4216 | D:5      | Bought a scroll of identify for 24 gold pieces
  4216 | D:5      | Bought a scroll of identify for 24 gold pieces
  4216 | D:5      | Bought a scroll of identify for 24 gold pieces
  4250 | D:5      | Noticed Prince Ribbit
  4260 | D:5      | Killed Prince Ribbit
  4260 | D:5      | Reached skill level 6 in Maces & Flails
  4278 | D:5      | Reached skill level 7 in Maces & Flails
  4391 | D:5      | Found a basalt altar of Yredelemnul.
  4401 | D:5      | Found a glowing drain.
  4425 | Sewer    | Entered a sewer
  4440 | Sewer    | Reached * piety under Okawaru
  4564 | Sewer    | Noticed Purgy
  4583 | Sewer    | Killed Purgy
  4583 | Sewer    | Reached XP level 8. HP: 61/67 MP: 7/7
  4907 | D:6      | Reached skill level 5 in Fighting
  5004 | D:6      | Reached skill level 8 in Maces & Flails
  5114 | D:6      | Reached ** piety under Okawaru
  5518 | D:6      | Reached skill level 9 in Maces & Flails
  6032 | D:7      | Reached skill level 10 in Maces & Flails
  6032 | D:7      | Reached XP level 9. HP: 65/74 MP: 8/8
  6093 | D:7      | Reached *** piety under Okawaru
  6119 | D:7      | Gained mutation: Your flesh is cold resistant. (rC+) [mutagenic meat]
  6120 | D:7      | Gained mutation: You are partially covered in iridescent scales. (AC +2) [mutagenic meat]
  6865 | D:8      | Reached skill level 11 in Maces & Flails
  7546 | D:8      | Reached **** piety under Okawaru
  7561 | D:8      | Reached skill level 1 in Stealth
  7578 | D:8      | Reached skill level 12 in Maces & Flails
  8242 | D:9      | Found a staircase to the Orcish Mines.
  8288 | D:9      | Reached XP level 10. HP: 75/84 MP: 9/9
  8337 | D:9      | Noticed a two-headed ogre
  8346 | D:9      | Killed a two-headed ogre
  8396 | D:9      | Noticed a two-headed ogre
  8713 | D:9      | Reached skill level 13 in Maces & Flails
  8719 | D:9      | Noticed Frank's ghost (novice OpFi)
  8934 | D:8      | Killed a two-headed ogre
  8934 | D:8      | Reached ***** piety under Okawaru
  9197 | D:9      | Noticed Grum
  9734 | D:9      | Killed Frank's ghost
  9734 | D:9      | Reached skill level 14 in Maces & Flails
  9871 | D:9      | Found a bloodstained altar of Trog.
  9874 | D:9      | Found a radiant altar of Vehumet.
  9877 | D:9      | Found a sparkling altar of Nemelex Xobeh.
  9884 | D:9      | Found a glowing silver altar of Zin.
  9910 | D:9      | Killed Grum
 10453 | D:5      | Bought a scroll of blinking for 90 gold pieces
 10453 | D:5      | Bought a scroll of blinking for 90 gold pieces
 10453 | D:5      | Bought a scroll of blinking for 90 gold pieces
 10554 | D:10     | Entered Level 10 of the Dungeon
 10561 | D:9      | Reached XP level 11. HP: 92/92 MP: 10/10
 10894 | D:10     | Received a gift from Okawaru
 10895 | D:10     | Got a bloodstained scale mail {god gift}
 10906 | D:10     | Identified the +0 scale mail "Ezxiupe" {Dex+6 Slay-3 Stlth+} (Okawaru gifted it to you on level 10 of the Dungeon)
 11817 | D:10     | Reached skill level 15 in Maces & Flails
 12611 | D:11     | Identified the Almanac of Ghastly Creation
 12703 | D:11     | Noticed a two-headed ogre
 12725 | D:11     | Killed a two-headed ogre
 13076 | D:11     | Noticed Beowulf's ghost (journeyman MiBe)
 13097 | D:11     | Noticed a two-headed ogre
 13228 | D:11     | Killed a two-headed ogre
 13598 | D:10     | Gained mutation: You evolve. [mutagenic meat]
 13828 | D:11     | Gained mutation: Your spells are a little easier to cast, but a little less powerful. [evolution]
 14035 | D:11     | Reached ****** piety under Okawaru
 14045 | D:11     | Reached skill level 10 in Fighting
 14168 | D:11     | Found a staircase to the Lair.
 14377 | Lair:1   | Entered Level 1 of the Lair of Beasts
 14485 | Lair:1   | Received a gift from Okawaru
 14485 | Lair:1   | Reached XP level 12. HP: 106/106 MP: 11/11
 14737 | Lair:1   | Reached skill level 10 in Shields
 14739 | Lair:1   | Noticed raikaria's ghost (journeyman TeVM)
 14760 | Lair:1   | Killed raikaria's ghost
 15616 | Lair:1   | Noticed Gastronok
 15633 | Lair:1   | Killed Gastronok
 15633 | Lair:1   | Reached skill level 16 in Maces & Flails
 16220 | Lair:1   | Gained mutation: You are occasionally teleported next to monsters. [evolution]
 17358 | Lair:2   | Noticed a six-headed hydra
 17368 | Lair:2   | Killed a six-headed hydra
 17702 | Lair:2   | Reached skill level 5 in Stealth
 17780 | Lair:2   | Noticed a five-headed hydra
 17788 | Lair:2   | Killed a five-headed hydra
 17788 | Lair:2   | Received a gift from Okawaru
 18376 | Lair:2   | Reached skill level 17 in Maces & Flails
 18667 | Lair:2   | Reached XP level 13. HP: 116/118 MP: 12/12
 19148 | Lair:3   | Noticed Sonja
 19311 | Lair:3   | Gained mutation: You have large cloven feet. [evolution]
 19369 | Lair:3   | Found an ancient bone altar of Kikubaaqudgha.
 19701 | Lair:3   | Killed Sonja
 20133 | Lair:3   | Found a staircase to the Shoals.
 20475 | Lair:4   | Noticed Nessos
 20886 | Lair:4   | Noticed Snorg
 21418 | Lair:4   | Found a staircase to the Snake Pit.
 21595 | Lair:4   | Received a gift from Okawaru
 21596 | Lair:4   | Got a slimy double sword {god gift}
 21662 | Lair:3   | Identified 3 scrolls of acquirement
 21663 | Lair:3   | Got a scorched large shield
 21855 | Lair:4   | Killed Nessos
 21855 | Lair:4   | Reached skill level 1 in Dodging
 23307 | Lair:5   | Found a blossoming altar of Fedhas.
 23435 | Lair:6   | Entered Level 6 of the Lair of Beasts
 23453 | Lair:5   | Received a gift from Okawaru
 24999 | Lair:5   | Reached skill level 5 in Dodging
 25282 | Lair:5   | Identified the +1 double sword of Symmetry {flame, rPois Int+4} (Okawaru gifted it to you on level 4 of the Lair of Beasts)
 25283 | Lair:5   | Identified the +6 large shield "Keisigun" {MR+++ Str+4 Dex-2} (You acquired it on level 3 of the Lair of Beasts)
 25503 | Lair:5   | Reached XP level 14. HP: 115/130 MP: 13/13
 26584 | Lair:6   | Lost mutation: You have large cloven feet. [evolution]
 27354 | Lair:6   | Found a staircase to the Slime Pits.
 27916 | Lair:6   | Got a jewelled scythe
 28290 | Lair:6   | Received a gift from Okawaru
 28422 | Lair:6   | Received a gift from Okawaru
 29433 | Lair:4   | Killed Snorg
 29921 | D:11     | Killed Beowulf's ghost
 29921 | D:11     | Reached skill level 15 in Fighting
 30298 | D:12     | Received a gift from Okawaru
 30299 | D:12     | Got a crystal quarterstaff {god gift}
 30814 | D:13     | Noticed Urug
 30831 | D:13     | Noticed Erolcha
 30851 | D:13     | Killed Erolcha
 31058 | D:13     | Killed Urug
 31563 | D:13     | Reached skill level 1 in Polearms
 31597 | D:13     | Reached XP level 15. HP: 59/141 MP: 14/14
 32487 | D:14     | Reached skill level 15 in Shields
 32502 | D:14     | Received a gift from Okawaru
 32854 | D:14     | Found a gate to the Vaults.
 33585 | D:14     | Lost mutation: Your spells are a little easier to cast, but a little less powerful. [evolution]
 34136 | D:14     | Received a gift from Okawaru
 35035 | Orc:1    | Entered Level 1 of the Orcish Mines
 36069 | Orc:1    | Noticed p0werm0de's ghost (novice MiBe)
 36089 | Orc:1    | Killed p0werm0de's ghost
 36372 | Orc:1    | Found a roughly hewn altar of Beogh.
 36639 | Orc:2    | Entered Level 2 of the Orcish Mines
 36954 | Orc:2    | Found a roughly hewn altar of Beogh.
 36975 | Orc:2    | Received a gift from Okawaru
 36975 | Orc:2    | Reached skill level 5 in Polearms
 37429 | Orc:2    | Found a roughly hewn altar of Beogh.
 37555 | Orc:2    | Noticed Rupert
 37558 | Orc:2    | Paralysed by Rupert for 5 turns
 37573 | Orc:2    | Killed Rupert
 37806 | Orc:2    | Found a roughly hewn altar of Beogh.
 37807 | Orc:2    | Found Kekel's Gadget Boutique.
 37868 | Orc:2    | Found a roughly hewn altar of Beogh.
 37869 | Orc:2    | Found Kygg's Gadget Shop.
 37977 | Orc:2    | Found a roughly hewn altar of Beogh.
 38046 | Orc:2    | Found a staircase to the Elven Halls.
 38268 | Orc:2    | Noticed an orc warlord
 38389 | Orc:2    | Paralysed by an orc sorcerer for 3 turns
 38415 | Orc:2    | Killed an orc warlord
 38736 | Orc:2    | Found Zaeps's Antique Armour Shoppe.
 38737 | Orc:2    | Found a roughly hewn altar of Beogh.
 38739 | Orc:2    | Found Hiuduuh's Antique Weapon Emporium.
 38747 | Orc:2    | Bought a bloodstained chain mail for 209 gold pieces
 38887 | Orc:2    | Identified the +7 chain mail of Perpetual Drought {Str+6} (You bought it in a shop on level 2 of the Orcish Mines)
 39170 | Shoals:1 | Entered Level 1 of the Shoals
 39614 | Shoals:1 | Reached XP level 16. HP: 152/152 MP: 15/15
 39977 | Shoals:1 | Reached skill level 10 in Armour
 40398 | Shoals:1 | Reached skill level 10 in Polearms
 40810 | Shoals:2 | Received a gift from Okawaru
 41008 | Shoals:2 | Noticed a kraken
 41170 | Shoals:1 | HP: 5/152 [poisoned by a merfolk impaler]
 41723 | Shoals:2 | HP: 3/152 [merfolk/trident (7)]
 41728 | Shoals:2 | Slain by a merfolk

Skill      XL: |  1  2  3  4  5  6  7  8  9 10 11 12 13 14 15 16 |
---------------+-------------------------------------------------+-----
Fighting       | 4 5 6 7 10 12 13 15 16 | 16.7
Armour         | 4 5 6 7 8 9 10 | 10.7
Axes           | 3 4 |  4.7
Shields        | 4 5 6 7 8 9 11 13 14 16 | 16.2
Maces & Flails | 2 4 7 10 12 14 15 17 | 17.5
Stealth        | 1 4 5 |  5.6
Dodging        | 5 9 |  9.0
Polearms       | 1 8 11 | 11.4
Invocations    | |  0.8
Evocations     | |  0.1

Action                   |  1- 3 |  4- 6 |  7- 9 | 10-12 | 13-15 | 16-18 || total
-------------------------+-------+-------+-------+-------+-------+-------++-------
Melee: War axe           |    79 |    26 |       |       |       |       ||   105
       Headbutt          |    20 |    28 |    72 |   174 |   491 |    47 ||   832
       Flail             |       |   163 |   391 |    67 |   805 |       ||  1426
       Mace              |       |       |       |   714 |   709 |       ||  1423
       Demon trident     |       |       |       |       |   398 |   312 ||   710
Invok: Heroism           |       |       |       |     2 |     6 |     2 ||    10
       Finesse           |       |       |       |       |       |     1 ||     1
Evoke: Wand              |       |       |     3 |    22 |     7 |       ||    32
  Use: Potion            |       |     2 |       |     7 |     8 |     6 ||    23
       Scroll            |       |       |    21 |    20 |    24 |     1 ||    66
 Stab: Sleeping          |       |       |       |     5 |     9 |       ||    14
       Distracted        |       |       |       |     2 |     6 |       ||     8
       Paralysed         |       |       |       |       |     1 |       ||     1
       Confused          |       |       |       |       |     1 |       ||     1
       Petrified         |       |       |       |       |     4 |       ||     4
  Eat: Chunk             |     1 |     1 |     8 |     1 |     3 |     4 ||    18
       Meat ration       |       |     2 |       |     3 |     5 |       ||    10
       Fruit             |       |       |    13 |    19 |    17 |     4 ||    53
       Royal jelly       |       |       |     1 |       |       |       ||     1
       Bread ration      |       |       |       |       |     7 |     2 ||     9
Armor: Scale mail        |    36 |   103 |   168 |     7 |       |       ||   314
       Steam dragon scal |       |       |       |   236 |   576 |       ||   812
       Chain mail        |       |       |       |       |    35 |   180 ||   215
Dodge: Dodged            |    20 |    63 |   115 |   264 |   970 |   164 ||  1596
Block: Shield            |    37 |   127 |   168 |    78 |       |       ||   410
       Buckler           |       |       |       |   122 |   565 |   119 ||   806
